 Dungeon Crawl Stone Soup version 0.29-a0-581-ge9a90b782e (webtiles) character file.

Game seed: 13142908525434129783

8 Nedwor the Poker (level 2, 13/18 HPs)
             Began as a Gargoyle Gladiator on June 14, 2022.
             Quit the game on level 1 of the Dungeon.
             The game lasted 00:00:26 (165 turns).

Nedwor the Poker (Gargoyle Gladiator)                Turns: 165, Time: 00:00:27

Health: 13/18      AC:  6    Str: 17    XL:     2   Next: 8%
Magic:  2/2        EV: 12    Int:  8    God:
Gold:   0          SH:  0    Dex: 11    Spells: 1/1 levels left

rFire   . . .      SeeInvis .   a - +0 trident
rCold   . . .      Faith    .   (no shield)
rNeg    + . .      Spirit   .   b - +0 leather armour
rPois   ∞          Reflect  .   c - +0 helmet
rElec   +          Harm     .   (no cloak)
rCorr   .          Rampage  .   (no gloves)
Will    .....                   (no boots)
Stlth   +.........              (no amulet)
HPRegen 0.06/turn               (no ring)
MPRegen 0.08/turn               (no ring)

@: no status effects
A: sickness immunity, AC +2, negative energy resistance 1, electricity
resistance, torment resistance 1, petrification resistance
a: no special abilities


You were on level 1 of the Dungeon.
You visited 1 branch of the dungeon, and saw 1 of its levels.

Inventory:

Hand Weapons
 a - a +0 trident (weapon)
Missiles
 d - 3 throwing nets (quivered)
 e - a javelin
Armour
 b - a +0 leather armour (worn)
 c - a +0 helmet (worn)
Scrolls
 g - a scroll of brand weapon {unknown}
 h - a scroll of immolation {unknown}
Potions
 f - a potion of invisibility {unknown}


   Skills:
 + Level 2.3 Fighting
 * Level 2.9 Polearms
 - Level 1.7 Throwing
 + Level 0.6 Armour
 + Level 2.5 Dodging


You had one spell level left.
You didn't know any spells.
Your spell library was empty.

Dungeon Overview and Level Annotations

Branches:
Dungeon (1/15)

Altars:


Innate Abilities, Weirdness & Mutations

You are immune to sickness and miasma.
Your stone body is resilient. (AC +2)
You are immune to poison.
You resist negative energy. (rN+)
You are resistant to electric shocks. (rElec)
You are resistant to unholy torment.
You are immune to petrification.


Message History

A hobgoblin comes into view.
You hear a shout!
There are monsters nearby!
There are monsters nearby!
You reach to attack!
You hit the hobgoblin but do no damage. You closely miss the hobgoblin.
The hobgoblin barely misses you.
You hit the hobgoblin but do no damage.
A hobgoblin comes into view.
The hobgoblin barely misses you. The hobgoblin hits you.
You hit the hobgoblin.
The hobgoblin is almost dead.
The hobgoblin hits you but does no damage.
Unknown command.
You hit the hobgoblin.
You kill the hobgoblin!
You puncture the ball python!
You kill the ball python!
A rat comes into view.
Unknown command.
You puncture the hobgoblin!
You kill the hobgoblin!
Unknown command.
You reach to attack!
You puncture the hobgoblin!
You kill the hobgoblin!
The rat closely misses you.
You have reached level 2!
You barely miss the rat. The rat closely misses you.
Unknown command.
You hit the rat but do no damage. The rat closely misses you.
You puncture the rat!
You kill the rat!
Unknown command.
No target in view!
Unknown command.
No target in view!
Unknown command.
No target in view!
Unknown command.
No target in view!
Are you sure you want to abandon this character and quit the game? (Confirm with "yes".)

....†.......#
#'###.......#
#.###.).....#
....#.......#
#.#.#.......#
..#.#.......######
..# #..........[.#
..# ############.#
.... #@# ..... #†#
..... †.. .....
....... .....####
#.....# #.....#


There were no monsters in sight!

Vanquished Creatures
  An endoplasm (D:1)
  3 hobgoblins (D:1)
  A ball python (D:1)
  A frilled lizard (D:1)
  2 rats (D:1)
8 creatures vanquished.

Notes
Turn   | Place    | Note
-------+----------+-------------------------------------------
     0 | D:1      | Nedwor the Gargoyle Gladiator began the quest for the Orb.
     0 | D:1      | Reached XP level 1. HP: 12/12 MP: 1/1
   162 | D:1      | Reached XP level 2. HP: 12/18 MP: 2/2
   165 | D:1      | Quit the game

Illustrated notes

Levels and vault maps discovered:
D:1:      dpeg_arrival_castle, layout_basic, serial_rivers,
          chequers_serial_rivers_small_b, chequers_serial_rivers_marsh,
          chequers_serial_rivers_small_3, chequers_serial_rivers_micro_a

Action                   || total
-------------------------++-------
Melee: Trident           ||    16
Armor: Leather armour    ||     2
Dodge: Dodged            ||     6

Table legend: (Time is in decaauts)
 A = Elapsed time spent in this place.
 B = Non-inter-level travel time spent in this place.
 C = Inter-level travel time spent in this place.
 D = Time resting spent in this place.
 E = Time spent auto-exploring this place.
 F = Levels seen in this place.
 G = Mean time per level.
                   A        B        C        D        E       F      G
               +--------+--------+--------+--------+--------+-----+--------+
         Total |    169 |    169 |      0 |      0 |    132 |   1 |  169.0 |
       Dungeon |    169 |    169 |      0 |      0 |    132 |   1 |  169.0 |
               +--------+--------+--------+--------+--------+-----+--------+

Top non-repeatable levels by time:
     D:1: 169 daAuts
